 Dungeon Crawl Stone Soup version 0.29.1-2-gbd0b4ee654 (webtiles) character file.

Game seed: 415492379433980646

3 DemonSlayer the Firebug (level 1, -1/13 HPs)
             Began as a Demonspawn Fire Elementalist on Nov 19, 2022.
             Slain by a kobold
             ... wielding a +2 short sword of protection
              (2 damage)
             ... on level 1 of the Dungeon.
             The game lasted 00:01:05 (136 turns).

DemonSlayer the Firebug (DsFE)                       Turns: 136, Time: 00:01:06

Health: -1/13      AC:  2    Str:  8    XL:     1   Next: 41%
Magic:  0/3        EV: 12    Int: 16    God:
Gold:   0          SH:  0    Dex: 13    Spells: 3/4 levels left

rFire   . . .      SeeInvis .   d - +0 dagger
rCold   . . .      Faith    .   (no shield)
rNeg    . . .      Spirit   .   a - +0 robe
rPois   .          Reflect  .   (no helmet)
rElec   .          Harm     .   (no cloak)
rCorr   .          Rampage  .   (no gloves)
Will    .....                   (no boots)
Stlth   ++........              (no amulet)
HPRegen 0.04/turn               (no ring)
MPRegen 0.08/turn               (no ring)

@: no status effects
A: no striking features
a: no special abilities


You were on level 1 of the Dungeon.
You visited 1 branch of the dungeon, and saw 1 of its levels.

Inventory:

Hand Weapons
 d - a +0 dagger (weapon)
Armour
 a - a +0 robe (worn)
Jewellery
 c - a ring of fire


   Skills:
 + Level 1.7 Dodging
 + Level 1.7 Stealth
 + Level 2.0 Spellcasting
 + Level 1.0 Conjurations
 + Level 2.9 Fire Magic


You had 3 spell levels left.
You knew the following spells:

 Your Spells              Type           Power      Damage    Failure   Level
a - Foxfire               Conj/Fire      28%        2x1d5     10%         1

Your spell library contained the following spells:

 Spells                   Type           Power      Damage    Failure   Level
 Scorch                   Fire           22%        2d6       10%         2
 Conjure Flame            Conj/Fire      7%         6-21      28%         3
 Inner Flame              Hex/Fire       6%         N/A       34%         3
 Flame Wave               Conj/Fire      7%         2d5       67%         4


Dungeon Overview and Level Annotations

Branches:
Dungeon (1/15)

Altars:


Message History

You conjure some foxfire!
You conjure some foxfire!
The foxfire hits the kobold but does no damage. x4
You are out of magic!
You are out of magic!
Your foxfire dissipates!
The foxfire hits the kobold but does no damage.
You conjure some foxfire!
The foxfire hits the kobold but does no damage.
You hit the kobold but do no damage.
The foxfire hits the kobold.
The kobold is heavily wounded.
You barely miss the kobold.
The kobold is heavily wounded.
The kobold hits you but does no damage. The kobold attacks as you move away!
The kobold hits you with a +2 short sword of protection.
You conjure some foxfire!
The kobold hits you with a +2 short sword of protection.
You hit the kobold but do no damage.
The kobold is heavily wounded.
The foxfire hits the kobold but does no damage.
The kobold is heavily wounded.
The foxfire hits the kobold.
The kobold is severely wounded.
The kobold closely misses you. The kobold attacks as you move away!
The kobold misses you. The kobold attacks as you move away!
The kobold hits you with a +2 short sword of protection.
* * * LOW HITPOINT WARNING * * *
You hit the kobold but do no damage.
The kobold is severely wounded.
The kobold hits you with a +2 short sword of protection.
* * * LOW HITPOINT WARNING * * *
You barely miss the kobold.
The kobold is severely wounded.
The kobold barely misses you.
You hit the kobold but do no damage.
The kobold is severely wounded.
The kobold hits you with a +2 short sword of protection.
You die...

## .# #.## ##... ##..#
######..#####
#..@K.......##
#..#########..## #
#..##.#.....##..## ..
#..##.#.#####.+#..###..
#.##.##.....##.##..#...
# #.##.#####.##.#....#
#.#.##.#.#..#.#.#.##
#.#.#.#'#.#.#.#...# #(#
#.#<#.#.#.#..##


You could see a kobold.

Vanquished Creatures
  A ball python (D:1)
  2 kobolds (D:1)
3 creatures vanquished.

Vanquished Creatures (others)
  14 foxfires (D:1)
14 creatures vanquished.

Grand Total: 17 creatures vanquished

Notes
Turn   | Place    | Note
-------+----------+-------------------------------------------
     0 | D:1      | DemonSlayer the Demonspawn Fire Elementalist began the
                  | quest for the Orb.
     0 | D:1      | Reached XP level 1. HP: 13/13 MP: 3/3
   136 | D:1      | Slain by a kobold

Illustrated notes

Levels and vault maps discovered:
D:1:      evilmike_arrival_rings, layout_basic, chequers_mini_garden

Action                   || total
-------------------------++-------
Melee: Dagger            ||     9
 Cast: Foxfire           ||     8
  Use: Potion            ||     1
Armor: Robe              ||     2
Dodge: Dodged            ||     6
